cohdb
Replays
Latest Replays
All Replays
Popular Replays
Top Player Replays
Match Explorer
How It Works
Community
CoH3 Stats
Reddit
Sign in to upload your games and track your stats! →
Sign in with Steam
Match 45659367
Unlisted
Match 45659367
Overview
Messages
Build Orders
End
Engineer Squad
Selects Airborne Battlegroup
Selects Heavy Machine Gun Paradrop
Heavy Machine Gun Paradrop
Construct Barracks
Riflemen Squad
Riflemen Squad
Construct Medical Station
Mechanized Support Center
Construct Motor Pool
Heavy Machine Gun Paradrop
Selects Recon Loiter
Recon Loiter
M24 Chaffee Light Tank
Selects Supply Drop
M1 Anti-tank Gun Team
Recon Loiter
Riflemen Squad
M1918 Browning Automatic Rifles
M1 Mortar Team
Recon Loiter
Esxile
ChiefRedSkins
Arnein
KASHIMA
0
0
Comments
sign in to comment!
No comments posted yet!